 Dungeon Crawl Stone Soup version 0.27.1 (webtiles) character file.

Game seed: 17270975487505805692

102 Mesmaeker13 the Ruffian (level 4, 0/40 HPs)
             Began as a Ghoul Monk on Aug 22, 2021.
             Slain by a gnoll (4 damage)
             ... on level 1 of the Dungeon.
             The game lasted 00:02:19 (1699 turns).

Mesmaeker13 the Ruffian (Ghoul Monk)                Turns: 1699, Time: 00:02:19

Health: 0/40       AC:  8    Str: 14    XL:     4   Next: 77%
Magic:  3/3        EV: 11    Int:  6    God:
Gold:   49         SH:  0    Dex: 11    Spells: 3/3 levels left

rFire    . . .     SeeInvis .     - Unarmed
rCold    + . .     Faith    .   (no shield)
rNeg     + + +     Spirit   .   g - +0 ring mail
rPois    ∞         Reflect  .   (no helmet)
rElec    .         Harm     .   c - +2 cloak
rCorr    .         Rampage  .   (no gloves)
Will     .....                  (no boots)
Stlth    +.........             (no amulet)
HPRegen  0.00/turn              (no ring)
MPRegen  0.08/turn              (no ring)

@: inhibited regen, hasted, very quick
A: claws 1, cold resistance 1, negative energy resistance 3, inhibited
regeneration, torment resistance 2
a: no special abilities


You were on level 1 of the Dungeon.
You visited 1 branch of the dungeon, and saw 2 of its levels.

You collected 49 gold pieces.

Inventory:

Missiles
 b - 26 poisoned darts (quivered)
Armour
 c - a +2 cloak (worn)
 g - a +0 ring mail (worn)
 i - a +0 chain mail
Scrolls
 a - a scroll of vulnerability {unknown}
 d - a scroll of enchant weapon {unknown}
 e - 3 scrolls of blinking {unknown}
 j - a scroll of enchant armour {unknown}
Potions
 f - a potion of attraction {unknown}


   Skills:
 + Level 4.3 Fighting
 + Level 1.4 Armour
 - Level 3.0 Dodging
 - Level 2.1 Stealth
 + Level 4.3 Unarmed Combat


You had 3 spell levels left.
You didn't know any spells.
Your spell library contained the following spells:

 Spells                   Type           Power      Damage    Failure   Level
 Cause Fear               Hex            0%         N/A       100%        4
 Dragon's Call            Summ           0%         N/A       100%        9
 Dragon Form              Tmut           Unusable   N/A       N/A         7

Dungeon Overview and Level Annotations

Branches:
Dungeon (2/15)

Altars:
Xom


Innate Abilities, Weirdness & Mutations

You thrive by killing the living.
You are immune to poison.
You have sharp fingernails.
Your flesh is cold resistant. (rC+)
You are immune to negative energy. (rN+++)
You do not regenerate when monsters are visible.
You are immune to unholy pain and torment.


Message History

Aim: a gnoll, wielding a +0 halberd (61% to hit)
You throw a poisoned dart. The poisoned dart hits the gnoll.
The gnoll is poisoned.
The gnoll hits you but does no damage. The gnoll closely misses you.
Throw: 29 darts (poison)
Press: ? - help, Q - select action Shift-Dir - straight line, f/p - gnoll
Aim: a gnoll, wielding a +0 halberd (61% to hit)
You throw a poisoned dart. The poisoned dart hits the gnoll.
The gnoll is lightly wounded.
The gnoll hits you with a +0 club.
The gnoll hits you from afar with a +0 halberd!
Throw: 28 darts (poison)
Press: ? - help, Q - select action Shift-Dir - straight line, f/p - gnoll
Aim: a gnoll, wielding a +0 halberd (61% to hit)
You throw a poisoned dart. The poisoned dart hits the gnoll.
The gnoll looks even sicker.
The gnoll is moderately wounded.
The gnoll closely misses you.
The gnoll hits you from afar with a +0 halberd!
* * * LOW HITPOINT WARNING * * *
Throw: 27 darts (poison)
Press: ? - help, Q - select action Shift-Dir - straight line, f/p - gnoll
Aim: a gnoll, wielding a +0 halberd (61% to hit)
You throw a poisoned dart. The poisoned dart hits the gnoll.
The gnoll is moderately wounded.
The gnoll closely misses you.
The gnoll hits you from afar with a +0 halberd!
* * * LOW HITPOINT WARNING * * *
The gnoll looks more healthy.
There is an open door here.
Okay, then.
There is a stone staircase leading up here.
The gnoll hits you but does no damage.
You climb upwards.
There is a stone staircase leading down here.
You don't know any spells.
Unknown command.
It was a potion of haste.
You feel yourself speed up. The gnoll hits you with a +0 club.
You die...

#.# #. #.# #. #.# ####. #.#
#.... #.# #.### #.# #.# #.#
#.### ###.######### #.##.
#....g@.....#######.##.
#..|######.............
#.########.)##..#######
#.##.....#..##'##......
#.##......###..........
#####.##..>..##...⌠........
#...#.##....##........⌠..(.
#...........#..............
#...#.###...#...⌠..........


You could see a gnoll.

Vanquished Creatures
  4 gnolls
  An adder (D:2)
  3 dart slugs (D:1)
  4 endoplasms
  2 giant cockroaches (D:1)
  4 goblins
  6 hobgoblins (D:1)
  2 jackals (D:2)
  6 kobolds
  3 quokkas
  4 bats (D:1)
  A frilled lizard (D:1)
  5 rats
45 creatures vanquished.

Notes
Turn   | Place    | Note
-------+----------+-------------------------------------------
     0 | D:1      | Mesmaeker13 the Ghoul Monk began the quest for the Orb.
     0 | D:1      | Reached XP level 1. HP: 19/19 MP: 0/0
   140 | D:1      | Reached XP level 2. HP: 26/26 MP: 1/1
   325 | D:1      | Reached XP level 3. HP: 33/33 MP: 2/2
  1078 | D:2      | Found a shimmering altar of Xom.
  1301 | D:2      | Reached skill level 1 in Armour
  1301 | D:2      | Reached XP level 4. HP: 40/40 MP: 3/3
  1567 | D:2      | Found a faded altar of an unknown god.
  1699 | D:1      | Slain by a gnoll

Illustrated notes

Levels and vault maps discovered:
D:1:      dpeg_arrival_water_temple_mockup, layout_loops_ring
D:2:      layout_basic, hellmonk_ecumenical_altar_leap_of_faith, basic_altar,
          serial_bayou_pond_e, minmay_splitting_lines

Skill      XL: |  1  2  3 |
---------------+----------+-----
Dodging        | 3 |  3.0
Unarmed Combat | 4 |  4.3
Fighting       | 4 |  4.3
Armour         | 1 |  1.4
Stealth        | |  2.1

Action                   |  1- 3 |  4- 6 || total
-------------------------+-------+-------++-------
Melee: Unarmed           |   124 |    23 ||   147
       Punch             |     1 |       ||     1
Throw: Dart              |       |    14 ||    14
  Use: Potion            |       |     1 ||     1
Armor: Robe              |    13 |       ||    13
       Ring mail         |    24 |    13 ||    37
Dodge: Dodged            |    52 |    22 ||    74
